 Dungeon Crawl Stone Soup version 0.27-a0-1232-gc6a4cbde82 (webtiles) character file.

Game seed: 8511347599255574368

212 Shayle the Poker (level 5, -4/50 HPs)
             Began as an Ogre Warper on June 9, 2021.
             Slain by a hornet zombie (10 damage)
             ... on level 4 of the Dungeon.
             The game lasted 00:09:56 (5342 turns).

Shayle the Poker (Ogre Warper)                      Turns: 5342, Time: 00:09:57

Health: -4/50      AC:  4    Str: 15    XL:     5   Next: 90%
Magic:  8/8        EV: 10    Int: 15    God:
Gold:   142        SH:  0    Dex:  8    Spells: 8/8 levels left

rFire    . . .     SeeInvis .   i - +2 mace (holy)
rCold    . . .     Faith    .   (no shield)
rNeg     . . .     Spirit   .   b - +0 robe
rPois    .         Reflect  .   (helmet restricted)
rElec    .         Harm     .   c - +0 cloak
rCorr    .         Rampage  .   (gloves unavailable)
Will     .....                  (boots unavailable)
Stlth    +.........             (no amulet)
HPRegen  0.16/turn              (no ring)
MPRegen  0.11/turn              (no ring)

@: no status effects
A: large, unfitting armour, tough skin 1
a: no special abilities


You were on level 4 of the Dungeon.
You visited 1 branch of the dungeon, and saw 5 of its levels.

You collected 142 gold pieces.

Inventory:

Hand Weapons
 g - a +0 trident
 i - a +2 mace of holy wrath (weapon)
Missiles
 e - 5 boomerangs of dispersal (quivered)
 o - a throwing net
 q - 6 boomerangs
Armour
 b - a +0 robe (worn)
 c - a +0 cloak (worn)
Wands
 m - a wand of paralysis (10)
 r - a wand of flame (13)
Scrolls
 a - a scroll of amnesia {unknown}
 d - a scroll of blinking
 f - a scroll of acquirement {unknown}
 j - a scroll of fog {unknown}
 k - a scroll of magic mapping {unknown}
 l - a scroll of noise {unknown}
 n - a scroll of enchant armour {unknown}
 p - a scroll of holy word {unknown}
Potions
 h - a potion of flight {unknown}


   Skills:
 - Level 2.6 Fighting
 + Level 4.3 Polearms
 - Level 1.0 Throwing
 + Level 4.1 Dodging
 - Level 2.4 Spellcasting
 - Level 2.6 Translocations


You had 8 spell levels left.
You didn't know any spells.
Your spell library contained the following spells:

 Spells                   Type           Power      Damage    Failure   Level
 Blink                    Tloc           N/A        N/A       11%         2
 Animate Skeleton         Necr           2%         N/A       22%         1
 Magic Dart               Conj           4%         1d3       22%         1
 Pain                     Necr           4%         1d4       22%         1
 Gell's Gravitas          Tloc           4%         N/A       22%         3
 Lesser Beckoning         Tloc           4%         N/A       22%         3
 Teleport Other           Tloc           9%         N/A       22%         3
 Call Imp                 Summ           1%         N/A       32%         2
 Slow                     Hex            1%         N/A       32%         2
 Conjure Flame            Conj/Fire      1%         6-21      54%         3
 Mephitic Cloud           Conj/Pois/Air  1%         N/A       54%         3
 Vampiric Draining        Necr           0%         2d6       54%         3
 Manifold Assault         Tloc           9%         N/A       89%         5
 Animate Dead             Necr           0%         N/A       91%         4
 Agony                    Necr           1%         N/A       99%         5


Dungeon Overview and Level Annotations

Branches:
Dungeon (5/15)
 Temple: D:4-7

Altars:
Ashenzari
Fedhas
Gozag
Okawaru
Ru
Sif Muna
Wu Jian


Innate Abilities, Weirdness & Mutations

You are too large for most types of armour.
You have tough skin. (AC +1)


Message History

You kill the goblin!
Things that are here:
a +0 dagger; a goblin corpse
r - a wand of flame (13)
Items here: ) [[ †.
Found an opulent altar of Gozag.
Done exploring.
Done exploring.
(D) Dungeon
Where to? (Enter - D:4, ? - help)
There is a stone staircase leading down here.
You climb downwards.
An iguana and an ice beast come into view.
The iguana hisses angrily.
There is a stone staircase leading up here.
You climb upwards.
There is a stone staircase leading down here.
A hornet zombie is nearby!
You closely miss the hornet zombie. The hornet zombie hits you!
The hornet zombie hits you.
You hit the hornet zombie.
The hornet zombie convulses.
The hornet zombie is lightly damaged.
The hornet zombie hits you. x2
You hit the hornet zombie but do no damage.
The hornet zombie is lightly damaged.
The hornet zombie barely misses you. The hornet zombie hits you!
You hit the hornet zombie.
The hornet zombie convulses.
The hornet zombie is lightly damaged.
The hornet zombie hits you!
You hit the hornet zombie but do no damage.
The hornet zombie is lightly damaged.
The hornet zombie misses you. The hornet zombie hits you!
* * * LOW HITPOINT WARNING * * *
Unknown command.
You hit the hornet zombie.
The hornet zombie convulses.
The hornet zombie is moderately damaged.
The hornet zombie hits you.
* * * LOW HITPOINT WARNING * * *
The hornet zombie hits you!
You die...

#[..##...##........##...
#########..###...###.......#..##
#..#........###.).............##
#.........##...............#....
#.....##..........###......#....
#....###.........## ##..........
##...#.#.##......## #...........
##........#....Z..###...........
#.......##.....@.###............
#..##.#####.......##...)...[....
##....# ##...........#..##.##.
##.....# #.###.......#...#.#..
.#.).########.###.##...###.......
[..##.#.##.#...##.##............#
)..................#.............
##.#.###..#.......#..............
##.#####.##.......##.............


You could see a hornet zombie.

Vanquished Creatures
  An orc priest (D:4)
  An orc wizard (D:3)
  A hound skeleton (D:4)
  Robin (D:4)
  3 adders (D:3)
  A howler monkey skeleton (D:4)
  A worm (D:2)
  2 dart slugs
  8 orcs
  6 endoplasms
  A giant cockroach (D:2)
  8 goblins
  15 hobgoblins
  8 jackals
  2 quokkas (D:1)
  4 ball pythons
  3 bats
  3 frilled lizards
  6 kobolds
  4 rats
79 creatures vanquished.

Notes
Turn   | Place    | Note
-------+----------+-------------------------------------------
     0 | D:1      | Shayle the Ogre Warper began the quest for the Orb.
     0 | D:1      | Reached XP level 1. HP: 22/22 MP: 3/3
   464 | D:1      | Reached XP level 2. HP: 29/29 MP: 5/5
  1429 | D:2      | Reached XP level 3. HP: 32/36 MP: 6/6
  1637 | D:2      | Found a broken altar of Ashenzari.
  2547 | D:3      | Found a sacrificial altar of Ru.
  2548 | D:3      | Found an iron altar of Okawaru.
  3006 | D:2      | Reached XP level 4. HP: 39/44 MP: 7/7
  3712 | D:3      | Found an ornate altar of the Wu Jian Council.
  3717 | D:3      | Noticed a spectral centipede
  3717 | D:3      | Noticed a spectral black mamba
  3717 | D:3      | Noticed a spectral cane toad
  3801 | D:3      | Reached XP level 5. HP: 46/50 MP: 8/8
  4184 | D:3      | Found a shimmering blue altar of Sif Muna.
  4184 | D:3      | Found a blossoming altar of Fedhas.
  4443 | D:4      | Noticed Robin
  4687 | D:4      | Identified the +1 leather armour of Irphahiph {*Corrode
                  | rElec rN+ Dex+8}
  5022 | D:4      | Killed Robin
  5218 | D:4      | Found an opulent altar of Gozag.
  5292 | D:5      | Entered Level 5 of the Dungeon
  5292 | D:5      | Noticed an ice beast
  5342 | D:4      | Slain by a hornet zombie

Illustrated notes

Levels and vault maps discovered:
D:1:      dpeg_arrival_round_a, layout_basic, minivault_4
D:2:      layout_loops_corners, basic_altar
D:3:      layout_loops_ring, pdpol_wu_jian_five_deadly_venoms,
          gammafunk_temple_overflow_statue, minitemple, grunt_ministairs_9,
          minmay_misc_feat_alley, grunt_decor_clamped
D:4:      layout_cave_pools, kennysheep_mini, uniq_robin
D:5:      layout_layer_cave, serial_shops, shop, kennysheep_nub,
          minmay_misc_feat_tower

Skill      XL: |  1  2  3  4  5 |
---------------+----------------+-----
Polearms       | 3 4 |  4.3
Dodging        | 3 4 |  4.1
Fighting       | |  2.6
Throwing       | |  1.0
Spellcasting   | |  2.4
Translocations | |  2.6

Action                   |  1- 3 |  4- 6 || total
-------------------------+-------+-------++-------
Melee: Spear             |    25 |       ||    25
       Trident           |    58 |       ||    58
       Mace              |    62 |   141 ||   203
 Stab: Sleeping          |     1 |       ||     1
Armor: Robe              |    68 |    53 ||   121
Dodge: Dodged            |    89 |    85 ||   174

Table legend: (Time is in decaauts)
 A = Elapsed time spent in this place.
 B = Non-inter-level travel time spent in this place.
 C = Inter-level travel time spent in this place.
 D = Time resting spent in this place.
 E = Time spent auto-exploring this place.
 F = Levels seen in this place.
 G = Mean time per level.
                   A        B        C        D        E       F      G
               +--------+--------+--------+--------+--------+-----+--------+
         Total |   5438 |   5219 |    219 |    661 |   3323 |   5 | 1087.6 |
       Dungeon |   5438 |   5219 |    219 |    661 |   3323 |   5 | 1087.6 |
               +--------+--------+--------+--------+--------+-----+--------+

Top non-repeatable levels by time:
     D:3: 1962 daAuts
     D:1: 1382 daAuts
     D:2: 1312 daAuts
     D:4: 777 daAuts
     D:5: 3 daAuts
